 Dungeon Crawl Stone Soup version 0.23.2-1-ga50397a (webtiles) character file.

Game seed: 16128166466875965758

935 IBeShadow the Charmwright (level 8, -4/63 HPs)
             Began as a Gnoll Skald on May 28, 2019.
             Was a Follower of Cheibriados.
             Slain by an orc warrior
             ... wielding a +0 dire flail
              (17 damage)
             ... on level 5 of the Dungeon.
             The game lasted 00:11:50 (7080 turns).

IBeShadow the Charmwright (Gnoll Skald)             Turns: 7080, Time: 00:11:50

Health: -4/63      AC:  9    Str: 17    XL:     8   Next: 11%
Magic:  2/16       EV: 17    Int: 17    God:    Cheibriados [*.....]
Gold:   231        SH:  0    Dex: 20    Spells: 10/18 levels left

rFire    + . .     SeeInvis .   a - +0 spear
rCold    . . .     Gourm    .   (no shield)
rNeg     . . .     Faith    .   y - +0 scale mail {rF+}
rPois    .         Spirit   .   n - +0 helmet
rElec    .         Reflect  .   m - +0 cloak
rCorr    +         Harm     .   (no gloves)
MR       .....                  (no boots)
Stlth    ++........             (no amulet)
HPRegen  0.20/turn              r - +4 ring of evasion
MPRegen  0.15/turn              o - ring of resist corrosion

@: shrouded (expiring), very slow
A: distributed training, fangs 1, camouflage 1, agile 1, evolution 1, strong
nose
a: Bend Time, Renounce Religion


You were on level 5 of the Dungeon.
You worshipped Cheibriados.
Cheibriados was aware of your devotion.
You were hungry.

You visited 2 branches of the dungeon, and saw 7 of its levels.

You collected 231 gold pieces.

Inventory:

Hand Weapons
 a - a +0 spear (weapon)
Armour
 g - a +0 ring mail
 m - a +0 cloak (worn)
 n - a +0 helmet (worn)
 y - a +0 scale mail of fire resistance (worn)
Jewellery
 o - a ring of resist corrosion (right hand)
 r - a +4 ring of evasion (left hand)
 u - an uncursed ring of ice
Scrolls
 c - 2 scrolls of blinking
 e - 5 scrolls of identify
 f - 4 scrolls of teleportation
 h - 2 scrolls of remove curse
 k - a scroll of amnesia {unknown}
 l - 2 scrolls of magic mapping {unknown}
 p - a scroll of enchant armour {unknown}
 w - a scroll of fear {unknown}
Potions
 i - a potion of mutation
 j - a potion of flight {unknown}
 q - a potion of ambrosia {unknown}
 s - a potion of heal wounds
 v - a potion of cancellation {unknown}
Comestibles
 b - 7 chunks of flesh
 d - 14 rations


   Skills:
 + Level 5.4 Fighting
 + Level 2.9 Short Blades
 + Level 2.9 Long Blades
 + Level 2.9 Axes
 + Level 2.9 Maces & Flails
 + Level 5.4 Polearms
 + Level 2.9 Staves
 + Level 2.9 Slings
 + Level 2.9 Bows
 + Level 2.9 Crossbows
 + Level 2.9 Throwing
 + Level 3.9 Armour
 + Level 5.4 Dodging
 + Level 2.9 Stealth
 + Level 2.9 Shields
 + Level 2.9 Unarmed Combat
 + Level 5.8 Spellcasting
 + Level 2.3 Conjurations
 + Level 2.3 Hexes
 + Level 6.0 Charms
 + Level 2.3 Summonings
 + Level 2.3 Necromancy
 + Level 2.3 Translocations
 + Level 2.3 Transmutations
 + Level 2.3 Fire Magic
 + Level 2.3 Ice Magic
 + Level 2.3 Air Magic
 + Level 2.3 Earth Magic
 + Level 2.3 Poison Magic
 + Level 3.2 Invocations
 + Level 2.9 Evocations


You had 10 spell levels left.
You knew the following spells:

 Your Spells              Type           Power        Failure   Level  Hunger
a - Infusion              Chrm           ####         3%          1    None
b - Song of Slaying       Chrm           ####....     5%          2    #......
c - Shroud of Golubria    Chrm/Tloc      ###.......   12%         2    #......
d - Regeneration          Chrm/Necr      ###.......   22%         3    ##.....

Your spell library contained the following spells:

 Spells                   Type           Power        Failure   Level  Hunger
 Swiftness                Chrm/Air       ###.....     12%         2    #......
 Shock                    Conj/Air       ##..         16%         1    None
 Spectral Weapon          Hex/Chrm       ###.....     22%         3    ##.....
 Static Discharge         Conj/Air       ##......     43%         3    ##.....
 Airstrike                Air            ##........   83%         4    ####...
 Lightning Bolt           Conj/Air       ##........   99%         5    ######.


Dungeon Overview and Level Annotations

Branches:
Dungeon (6/15)             Temple (1/1) D:4

Altars:
Ashenzari
Cheibriados
Fedhas
Gozag
Kikubaaqudgha
Nemelex Xobeh
Okawaru
Qazlal
Ru
Sif Muna
Trog
Uskayaw
Xom
Zin
The Shining One

Annotations:
D:3 Grinder


Innate Abilities, Weirdness & Mutations

Your experience applies equally to all skills.
You have very sharp teeth.
Your uncanny sense of smell can sniff out nearby items.
Your skin changes colour to match your surroundings (Stealth+).
You are agile. (Dex +2)
You evolve.


Message History

The orc warrior is almost dead.
You closely miss the orc warrior.
The orc warrior is almost dead.
Your shroud bends the orc warrior's attack away.
You barely miss the orc warrior.
You bite the orc warrior, but do no damage.
The orc warrior is almost dead.
Your shroud begins to fray at the edges.
You hit the orc warrior but do no damage.
You bite the orc warrior, but do no damage.
The orc warrior is almost dead.
Your shroud bends the orc warrior's attack away!
You closely miss the orc warrior.
You punch the orc warrior, but do no damage.
The orc warrior is almost dead.
The orc warrior is no longer moving slowly.
You barely miss the orc warrior.
The orc warrior is almost dead.
The orc warrior hits you with a +0 dire flail!
You die...

#.##########..#.....#......
#.........##..#'#.###[#####
#######.####....#.#...# #>
#....#.#..###[[## #)
####.#........## #.
######.######.### #.
#.............# ##
#......#####.##
#.....@#####.#
#......o.>...#
#......##[.### #.......#..#
#..........# #.......##[###
#.......♣♣..P##
#######......≈≈≈≈...##
#...........♣≈≈♣≈...P##


You could see an orc warrior.

Vanquished Creatures
  Sigmund (D:2)
  2 ogres
  2 howler monkeys (D:5)
  A hound (D:5)
  7 orc wizards
  5 worker ants
  A hound skeleton (D:4)
  Robin (D:2)
  4 adders
  An ooze (D:4)
  2 worms
  3 leopard geckos
  17 orcs
  A ball python (D:3)
  5 giant cockroaches
  18 goblins
  11 hobgoblins
  10 jackals
  5 kobolds
  4 quokkas
  6 bats
  5 frilled lizards
  2 quokka skeletons
  4 rats
118 creatures vanquished.

Vanquished Creatures (others)
  An orc wizard (D:5)
  A hound skeleton (D:6)
  A plant (D:2)
3 creatures vanquished.

Grand Total: 121 creatures vanquished

Notes
Turn   | Place    | Note
-------+----------+-------------------------------------------
     0 | D:1      | IBeShadow the Gnoll Skald began the quest for the Orb.
     0 | D:1      | Reached XP level 1. HP: 20/20 MP: 6/6
   180 | D:1      | Reached XP level 2. HP: 26/26 MP: 7/7
   862 | D:1      | Reached XP level 3. HP: 31/31 MP: 9/9
  1256 | D:2      | Reached skill level 5 in Spellcasting
  1415 | D:2      | Reached skill level 1 in Invocations
  1697 | D:2      | Reached skill level 1 in Short Blades
  1697 | D:2      | Reached skill level 1 in Long Blades
  1697 | D:2      | Reached skill level 1 in Axes
  1697 | D:2      | Reached skill level 1 in Maces & Flails
  1697 | D:2      | Reached skill level 1 in Staves
  1697 | D:2      | Reached skill level 1 in Slings
  1697 | D:2      | Reached skill level 1 in Bows
  1697 | D:2      | Reached skill level 1 in Crossbows
  1697 | D:2      | Reached skill level 1 in Throwing
  1697 | D:2      | Reached skill level 1 in Stealth
  1697 | D:2      | Reached skill level 1 in Shields
  1697 | D:2      | Reached skill level 1 in Unarmed Combat
  1697 | D:2      | Reached skill level 1 in Evocations
  1727 | D:2      | Reached XP level 4. HP: 28/38 MP: 11/11
  1734 | D:2      | Noticed Robin
  1836 | D:2      | Noticed Sigmund
  1845 | D:2      | Learned a level 2 spell: Song of Slaying
  1848 | D:2      | Learned a level 2 spell: Shroud of Golubria
  2388 | D:2      | Killed Robin
  2610 | D:2      | Reached skill level 1 in Conjurations
  2610 | D:2      | Reached skill level 1 in Hexes
  2610 | D:2      | Reached skill level 1 in Summonings
  2610 | D:2      | Reached skill level 1 in Necromancy
  2610 | D:2      | Reached skill level 1 in Translocations
  2610 | D:2      | Reached skill level 1 in Transmutations
  2610 | D:2      | Reached skill level 1 in Fire Magic
  2610 | D:2      | Reached skill level 1 in Ice Magic
  2610 | D:2      | Reached skill level 1 in Air Magic
  2610 | D:2      | Reached skill level 1 in Earth Magic
  2610 | D:2      | Reached skill level 1 in Poison Magic
  2667 | D:2      | HP: 1/38 [something/puff of flame (10)]
  2672 | D:2      | Killed Sigmund
  2672 | D:2      | Reached XP level 5. HP: 34/43 MP: 3/12
  2672 | D:2      | Reached XP level 6. HP: 40/50 MP: 3/13
  4025 | D:3      | Noticed Grinder
  4049 | D:3      | Gained mutation: You evolve. [potion of mutation]
  4049 | D:3      | Gained mutation: Your skin changes colour to match your
                  | surroundings (Stealth+). [potion of mutation]
  4049 | D:3      | Gained mutation: You are agile. (Dex +2) [potion of
                  | mutation]
  4617 | D:3      | Found a deep blue altar of Sif Muna.
  4662 | D:3      | Found a sacrificial altar of Ru.
  4664 | D:3      | Reached skill level 5 in Fighting
  4664 | D:3      | Reached skill level 5 in Polearms
  4664 | D:3      | Reached skill level 5 in Dodging
  5054 | D:4      | Found a staircase to the Ecumenical Temple.
  5127 | Temple   | Entered the Ecumenical Temple
  5301 | Temple   | Became a worshipper of Cheibriados the Contemplative
  5374 | D:4      | Found a sparkling altar of Nemelex Xobeh.
  5385 | D:4      | Reached XP level 7. HP: 20/56 MP: 8/15
  5747 | D:4      | Found an opulent altar of Gozag.
  5913 | D:5      | Entered Level 5 of the Dungeon
  6117 | D:5      | Reached * piety under Cheibriados
  6417 | D:5      | Found an iron altar of Okawaru.
  6503 | D:5      | Found a stormy altar of Qazlal.
  6993 | D:5      | Learned a level 3 spell: Regeneration
  7025 | D:6      | Reached skill level 6 in Charms
  7025 | D:6      | Reached XP level 8. HP: 63/63 MP: 3/16
  7058 | D:5      | HP: 3/63 [orc warrior/+0 dire flail (8)]
  7080 | D:5      | Slain by an orc warrior

Skill      XL: |  1  2  3  4  5  6  7 |
---------------+----------------------+-----
Spellcasting   | 5 |  5.8
Invocations    | 1 2 3 |  3.2
Short Blades   | 1 2 |  2.9
Long Blades    | 1 2 |  2.9
Axes           | 1 2 |  2.9
Maces & Flails | 1 2 |  2.9
Staves         | 1 2 |  2.9
Slings         | 1 2 |  2.9
Bows           | 1 2 |  2.9
Crossbows      | 1 2 |  2.9
Throwing       | 1 2 |  2.9
Stealth        | 1 2 |  2.9
Shields        | 1 2 |  2.9
Unarmed Combat | 1 2 |  2.9
Evocations     | 1 2 |  2.9
Conjurations   | 1 2 |  2.3
Hexes          | 1 2 |  2.3
Summonings     | 1 2 |  2.3
Necromancy     | 1 2 |  2.3
Translocations | 1 2 |  2.3
Transmutations | 1 2 |  2.3
Fire Magic     | 1 2 |  2.3
Ice Magic      | 1 2 |  2.3
Air Magic      | 1 2 |  2.3
Earth Magic    | 1 2 |  2.3
Poison Magic   | 1 2 |  2.3
Armour         | 3 |  3.9
Fighting       | 5 |  5.4
Polearms       | 5 |  5.4
Dodging        | 5 |  5.4
Charms         | 6 |  6.0

Action                   |  1- 3 |  4- 6 |  7- 9 || total
-------------------------+-------+-------+-------++-------
Melee: Spear             |   118 |   300 |   207 ||   625
       Bite              |     6 |    35 |    33 ||    74
       Punch             |       |     6 |     3 ||     9
 Cast: Shroud of Golubri |       |     4 |     6 ||    10
       Infusion          |       |     4 |     3 ||     7
       Song of Slaying   |       |     1 |       ||     1
Invok: Bend Time         |       |       |     1 ||     1
  Use: Potion            |       |     4 |     2 ||     6
       Scroll            |       |     5 |       ||     5
 Stab: Sleeping          |     5 |     5 |     3 ||    13
       Distracted        |     1 |       |       ||     1
       Paralysed         |       |     1 |       ||     1
  Eat: Chunk             |     2 |     9 |     4 ||    15
       Ration            |       |     1 |       ||     1
Armor: Leather armour    |    24 |    15 |       ||    39
       Ring mail         |       |    34 |    57 ||    91
       Scale mail        |       |       |    19 ||    19
Dodge: Dodged            |    94 |   188 |   141 ||   423
